TOP OF THE 1ST |
Kingston Iguanas batting - Pitching for Minnesota ManBearPigs : RHP Juan Moreno
|
Pitching: RHP Juan Moreno
|
|
Batting: RHB Bob Lee
|
0-0: Foul Ball, location: 2F 0-1: Ball 1-1: Foul Ball, location: 2F 1-2: Ball 2-2: Strikes out swinging
|
Batting: SHB Devin Smith
|
0-0: Called Strike 0-1: Ball 1-1: Swinging Strike 1-2: Strikes out looking and he ARGUES THE CALL AND IS TOSSED!
|
Batting: LHB Dusty Wilson
|
0-0: Ball 1-0: Called Strike 1-1: Foul Ball, location: 2F 1-2: Strikes out swinging
|
Top of the 1st over - 0 run(s), 0 hit(s), 0 error(s), 0 left on base; Kingston 0 - Minnesota 0 |
BOTTOM OF THE 1ST |
Minnesota ManBearPigs batting - Pitching for Kingston Iguanas : LHP Nick Clayton
|
Pitching: LHP Nick Clayton
|
|
Now in CF: John Beach
|
|
Batting: RHB Carlos López
|
0-0: Called Strike 0-1: Fly out, F4 (Popup, 4S)
|
Batting: SHB Roberto Rivera
|
0-0: Called Strike 0-1: Called Strike 0-2: Ball 1-2: Foul Ball, location: 2F 1-2: Ball 2-2: Ball 3-2: Ground out 6-3 (Groundball, 6)
|
Batting: RHB Pat Fernández
|
0-0: Foul Ball, location: 2F 0-1: Ball 1-1: Ball 2-1: Ball 3-1: Called Strike 3-2: Ground out 4-3 (Groundball, 4)
|
Bottom of the 1st over - 0 run(s), 0 hit(s), 0 error(s), 0 left on base; Kingston 0 - Minnesota 0 |
TOP OF THE 2ND |
Kingston Iguanas batting - Pitching for Minnesota ManBearPigs : RHP Juan Moreno
|
Batting: RHB Tommy Davenport
|
0-0: Called Strike 0-1: Swinging Strike 0-2: Ball 1-2: Foul Ball, location: 2F 1-2: Ball 2-2: Ground out 5-3 (Groundball, 56)
|
Batting: LHB Gustavo Gómez
|
0-0: Foul Ball, location: 2F 0-1: Called Strike 0-2: Strikes out looking
|
Batting: RHB Tim Davis
|
0-0: Foul Ball, location: 2F 0-1: Ball 1-1: Ball 2-1: Ball 3-1: Foul Ball, location: 2F 3-2: Foul Ball, location: 2F 3-2: Base on Balls
|
Batting: LHB Davey Casey
|
0-0: Called Strike 0-1: Called Strike Tim Davis steals 2nd base 0-2: Ball 1-2: Strikes out swinging
|
Top of the 2nd over - 0 run(s), 0 hit(s), 0 error(s), 1 left on base; Kingston 0 - Minnesota 0 |
BOTTOM OF THE 2ND |
Minnesota ManBearPigs batting - Pitching for Kingston Iguanas : LHP Nick Clayton
|
Batting: RHB Ramiro Chávez
|
0-0: Fly out, F4 (Line Drive, 4M)
|
Batting: RHB Irving Galloway
|
0-0: Called Strike 0-1: SINGLE (Groundball, 6D)
|
Batting: RHB Jeffrey Hicks
|
0-0: Ball 1-0: Foul Ball, location: 2F 1-1: Foul Ball, location: 2F 1-2: Foul Ball, location: 2F 1-2: Ball 2-2: Fly out, F4 (Popup, 3D)
|
Batting: RHB Tom Hicks
|
0-0: Ball 1-0: Called Strike 1-1: Ball 2-1: Swinging Strike 2-2: Strikes out swinging
|
Bottom of the 2nd over - 0 run(s), 1 hit(s), 0 error(s), 1 left on base; Kingston 0 - Minnesota 0 |
TOP OF THE 3RD |
Kingston Iguanas batting - Pitching for Minnesota ManBearPigs : RHP Juan Moreno
|
Batting: RHB Sergio Mata
|
0-0: Foul Ball, location: 2F 0-1: Ball 1-1: Ball 2-1: Ball 3-1: Fly out, F8 (Flyball, 8RM)
|
Batting: RHB Ken MacDonald
|
0-0: Ball 1-0: Ball 2-0: Called Strike 2-1: Ball 3-1: Base on Balls
|
Batting: RHB Bob Lee
|
0-0: Grounds into double play, 6-4-3 (Groundball, 56)
|
Top of the 3rd over - 0 run(s), 0 hit(s), 0 error(s), 0 left on base; Kingston 0 - Minnesota 0 |
BOTTOM OF THE 3RD |
Minnesota ManBearPigs batting - Pitching for Kingston Iguanas : LHP Nick Clayton
|
Batting: RHB Ben Barker
|
0-0: Foul Ball, location: 2F 0-1: Ball 1-1: SINGLE (Line Drive, 8LS)
|
Batting: RHB Carlos Luna
|
0-0: Called Strike 0-1: Swinging Strike 0-2: Ball 1-2: Strikes out looking
|
Batting: RHB Carlos López
|
0-0: Ball Ben Barker is caught stealing 2nd base 1-0: Ball 2-0: Called Strike 2-1: Foul Ball, location: 2F 2-2: Foul Ball, location: 2F 2-2: Foul Ball, location: 2F 2-2: Strikes out swinging
|
Bottom of the 3rd over - 0 run(s), 1 hit(s), 0 error(s), 0 left on base; Kingston 0 - Minnesota 0 |
TOP OF THE 4TH |
Kingston Iguanas batting - Pitching for Minnesota ManBearPigs : RHP Juan Moreno
|
Batting: SHB John Beach
|
0-0: Called Strike 0-1: Ball 1-1: Ball 2-1: SINGLE (Line Drive, 56D)
|
Batting: LHB Dusty Wilson
|
0-0: Called Strike 0-1: Called Strike 0-2: Strikes out looking
|
Batting: RHB Tommy Davenport
|
0-0: Ball 1-0: Called Strike 1-1: Called Strike 1-2: Ball 2-2: SINGLE (Line Drive, 9LS) John Beach to second Runner from 2nd tries for 3rd, SAFE, no throw
|
Batting: LHB Gustavo Gómez
|
0-0: Called Strike 0-1: Ball 1-1: Foul Ball, location: 2F 1-2: Foul Ball, location: 2F 1-2: Strikes out looking
|
Batting: RHB Tim Davis
|
0-0: Called Strike 0-1: Ball 1-1: Ball 2-1: Ball 3-1: Called Strike 3-2: Strikes out looking
|
Top of the 4th over - 0 run(s), 2 hit(s), 0 error(s), 2 left on base; Kingston 0 - Minnesota 0 |
BOTTOM OF THE 4TH |
Minnesota ManBearPigs batting - Pitching for Kingston Iguanas : LHP Nick Clayton
|
Batting: SHB Roberto Rivera
|
0-0: Called Strike 0-1: Swinging Strike 0-2: Ball 1-2: Ground out 6-3 (Groundball, 6)
|
Batting: RHB Pat Fernández
|
0-0: Called Strike 0-1: Foul Ball, location: 2F 0-2: Ball 1-2: DOUBLE (Line Drive, 78D)
|
Batting: RHB Ramiro Chávez
|
0-0: Ball 1-0: Foul Ball, location: 2F 1-1: Ball Wild Pitch! Pat Fernández to third 2-1: Foul Ball, location: 2F 2-2: Ball 3-2: Strikes out swinging
|
Batting: RHB Irving Galloway
|
0-0: Called Strike 0-1: Ball 1-1: Ball 2-1: Ball Passed Ball! Pat Fernández scores 3-1: Fly out, F3 (Popup, 3)
|
Bottom of the 4th over - 1 run(s), 1 hit(s), 0 error(s), 0 left on base; Kingston 0 - Minnesota 1 |
TOP OF THE 5TH |
Kingston Iguanas batting - Pitching for Minnesota ManBearPigs : RHP Juan Moreno
|
Batting: LHB Davey Casey
|
0-0: Called Strike 0-1: Ground out 4-3 (Groundball, 4)
|
Batting: RHB Sergio Mata
|
0-0: Called Strike 0-1: Ball 1-1: Called Strike 1-2: Strikes out swinging
|
Batting: RHB Ken MacDonald
|
0-0: Called Strike 0-1: Foul Ball, location: 2F 0-2: SINGLE (Line Drive, 56)
|
Batting: RHB Bob Lee
|
0-0: Ball Pickoff Throw to First - Out!
|
Top of the 5th over - 0 run(s), 1 hit(s), 0 error(s), 0 left on base; Kingston 0 - Minnesota 1 |
BOTTOM OF THE 5TH |
Minnesota ManBearPigs batting - Pitching for Kingston Iguanas : LHP Nick Clayton
|
Batting: RHB Jeffrey Hicks
|
0-0: Called Strike 0-1: Ball 1-1: Ball 2-1: Foul Ball, location: 2F 2-2: Foul Ball, location: 2F 2-2: Ball 3-2: Foul Ball, location: 2F 3-2: Fly out, F4 (Line Drive, 4M)
|
Batting: RHB Tom Hicks
|
0-0: Called Strike 0-1: SINGLE (Groundball, 6MD)
|
Batting: RHB Ben Barker
|
0-0: Called Strike 0-1: Called Strike 0-2: DOUBLE (Flyball, 8RD) Tom Hicks to third
|
Batting: RHB Carlos Luna
|
0-0: Ball 1-0: Ball 2-0: Ball 3-0: Called Strike 3-1: SINGLE (Groundball, 34) (infield hit) Tom Hicks scores Ben Barker to third
|
Batting: RHB Carlos López
|
0-0: Called Strike 0-1: Called Strike 0-2: SINGLE (Groundball, 56D) Ben Barker scores Carlos Luna to second
|
Batting: SHB Roberto Rivera
|
0-0: Ball Carlos Luna steals 3rd base Carlos López to second 1-0: Called Strike 1-1: 3-RUN HOME RUN (Flyball, 78XD), Distance : 405 ft
|
Pitching: RHP Ron Jenkins
|
|
Batting: RHB Pat Fernández
|
0-0: Ball 1-0: Foul Ball, location: 2F 1-1: Ball 2-1: Ball 3-1: Swinging Strike 3-2: Strikes out swinging
|
Batting: RHB Ramiro Chávez
|
0-0: SINGLE (Groundball, 6D)
|
Batting: RHB Irving Galloway
|
0-0: Swinging Strike 0-1: Ball 1-1: SINGLE (Line Drive, 56D) Ramiro Chávez to second
|
Batting: RHB Jeffrey Hicks
|
0-0: Swinging Strike 0-1: Called Strike 0-2: Ball 1-2: Foul Ball, location: 2F 1-2: Foul Ball, location: 2F 1-2: Fielders Choice at 2nd, 6-4 (Groundball, 6)
|
Bottom of the 5th over - 5 run(s), 7 hit(s), 0 error(s), 1 left on base; Kingston 0 - Minnesota 6 |
TOP OF THE 6TH |
Kingston Iguanas batting - Pitching for Minnesota ManBearPigs : RHP Juan Moreno
|
Batting: RHB Bob Lee
|
0-0: Called Strike 0-1: Ball 1-1: SINGLE (Groundball, 34D)
|
Batting: SHB John Beach
|
0-0: Ball 1-0: Called Strike 1-1: Foul Ball, location: 2F 1-2: Strikes out swinging
|
Batting: LHB Dusty Wilson
|
0-0: Called Strike 0-1: Ball 1-1: Ball 2-1: Called Strike 2-2: Strikes out swinging
|
Batting: RHB Tommy Davenport
|
0-0: Ball Bob Lee is caught stealing 2nd base
|
Top of the 6th over - 0 run(s), 1 hit(s), 0 error(s), 0 left on base; Kingston 0 - Minnesota 6 |
BOTTOM OF THE 6TH |
Minnesota ManBearPigs batting - Pitching for Kingston Iguanas : RHP Ron Jenkins
|
Batting: RHB Tom Hicks
|
0-0: Foul Ball, location: 2F 0-1: Ball 1-1: Ground out 6-3 (Groundball, 6)
|
Batting: RHB Ben Barker
|
0-0: Swinging Strike 0-1: Ball 1-1: Foul Ball, location: 2F 1-2: Ground out 6-3 (Groundball, 6)
|
Batting: RHB Carlos Luna
|
0-0: Ball 1-0: Foul Ball, location: 2F 1-1: Foul Ball, location: 2F 1-2: Ball 2-2: Ball 3-2: Foul Ball, location: 2F 3-2: Strikes out swinging
|
Bottom of the 6th over - 0 run(s), 0 hit(s), 0 error(s), 0 left on base; Kingston 0 - Minnesota 6 |
TOP OF THE 7TH |
Kingston Iguanas batting - Pitching for Minnesota ManBearPigs : RHP Juan Moreno
|
Now in LF: Pedro López
|
|
Batting: RHB Tommy Davenport
|
0-0: Swinging Strike 0-1: Ground out 5-3 (Groundball, 56)
|
Batting: LHB Gustavo Gómez
|
0-0: Ball 1-0: Ball 2-0: Swinging Strike 2-1: Ball 3-1: Base on Balls
|
Pitching: RHP Brad White
|
|
Batting: RHB Tim Davis
|
0-0: Ball 1-0: Called Strike 1-1: Ball 2-1: Ball 3-1: Called Strike 3-2: Foul Ball, location: 2F 3-2: Base on Balls Gustavo Gómez to second
|
Batting: LHB Davey Casey
|
0-0: Fielders Choice at 2nd, 3-6 (Groundball, 34) Gustavo Gómez to third
|
Batting: RHB Sergio Mata
|
0-0: Fielders Choice at 2nd, 5-4 (Groundball, 5)
|
Top of the 7th over - 0 run(s), 0 hit(s), 0 error(s), 1 left on base; Kingston 0 - Minnesota 6 |
BOTTOM OF THE 7TH |
Minnesota ManBearPigs batting - Pitching for Kingston Iguanas : RHP Ron Jenkins
|
Batting: RHB Carlos López
|
0-0: Ball 1-0: Ball 2-0: Foul Ball, location: 2F 2-1: Ball 3-1: Foul Ball, location: 2F 3-2: Base on Balls
|
Batting: SHB Roberto Rivera
|
0-0: Called Strike 0-1: Ball 1-1: Swinging Strike 1-2: Strikes out swinging
|
Batting: RHB Pat Fernández
|
0-0: Called Strike 0-1: Ball 1-1: Foul Ball, location: 2F 1-2: Fly out, F8 (Flyball, 89M)
|
Batting: RHB Ramiro Chávez
|
0-0: Called Strike Carlos López is caught stealing 2nd base
|
Bottom of the 7th over - 0 run(s), 0 hit(s), 0 error(s), 0 left on base; Kingston 0 - Minnesota 6 |
TOP OF THE 8TH |
Kingston Iguanas batting - Pitching for Minnesota ManBearPigs : RHP Brad White
|
Now at 1B: Yasutoki Kojima
|
|
Batting: RHB Ken MacDonald
|
0-0: Ball 1-0: Called Strike 1-1: Foul Ball, location: 2F 1-2: Strikes out swinging
|
Batting: RHB Bob Lee
|
0-0: Called Strike 0-1: Ball 1-1: SINGLE (Flyball, 6MD)
|
Batting: SHB John Beach
|
Pickoff Throw to First - Out! 0-0: Called Strike 0-1: Ball 1-1: Called Strike 1-2: Strikes out swinging
|
Top of the 8th over - 0 run(s), 1 hit(s), 0 error(s), 0 left on base; Kingston 0 - Minnesota 6 |
BOTTOM OF THE 8TH |
Minnesota ManBearPigs batting - Pitching for Kingston Iguanas : RHP Ron Jenkins
|
Batting: RHB Ramiro Chávez
|
0-0: Ball 1-0: Ball 2-0: Foul Ball, location: 2F 2-1: Ball 3-1: Base on Balls
|
Batting: RHB Irving Galloway
|
0-0: Ball 1-0: DOUBLE (Groundball, 5L) Ramiro Chávez to third Ramiro Chávez scores
|
Pitching: RHP Matt Nance
|
|
Batting: RHB Jeffrey Hicks
|
0-0: Ball 1-0: Foul Ball, location: 2F 1-1: Ball 2-1: Ball 3-1: Foul Ball, location: 2F 3-2: Foul Ball, location: 2F 3-2: Base on Balls
|
Batting: RHB Tom Hicks
|
0-0: Foul Ball, location: 2F 0-1: Reached on error, E5 (Groundball, 56S) Irving Galloway scores Jeffrey Hicks to third
|
Batting: RHB Pedro López
|
0-0: Called Strike 0-1: Ball 1-1: SINGLE (Line Drive, 4MD) Jeffrey Hicks scores Tom Hicks to third Runner from 3rd tries for Home, SAFE, no throw
|
Batting: RHB Carlos Luna
|
0-0: Ball Wild Pitch! Pedro López to second 1-0: Ball 2-0: Ball 3-0: Called Strike 3-1: Base on Balls
|
Batting: RHB Carlos López
|
0-0: DOUBLE (Line Drive, 7LS) Pedro López scores Carlos Luna to third
|
Pitching: RHP Bo Adams
|
|
Batting: SHB Roberto Rivera
|
0-0: Ball 1-0: Ball 2-0: SINGLE (Groundball, 5S) (infield hit) Carlos Luna scores Carlos López to third
|
Batting: RHB Yasutoki Kojima
|
0-0: Called Strike 0-1: Ball 1-1: Ball 2-1: SINGLE (Groundball, 4MD) Carlos López scores Roberto Rivera to second
|
Batting: RHB Ramiro Chávez
|
0-0: Ball 1-0: Ball 2-0: Ball 3-0: Base on Balls Roberto Rivera to third Yasutoki Kojima to second
|
Batting: RHB Irving Galloway
|
0-0: Ball 1-0: Ball 2-0: Grounds into double play, 6-4-3 (Groundball, 6) Roberto Rivera scores Yasutoki Kojima to third
|
Batting: RHB Jeffrey Hicks
|
0-0: Called Strike 0-1: Called Strike 0-2: Strikes out looking
|
Bottom of the 8th over - 8 run(s), 5 hit(s), 1 error(s), 1 left on base; Kingston 0 - Minnesota 14 |
TOP OF THE 9TH |
Kingston Iguanas batting - Pitching for Minnesota ManBearPigs : RHP Brad White
|
Batting: LHB Dusty Wilson
|
0-0: Called Strike 0-1: Ball 1-1: Called Strike 1-2: Foul Ball, location: 2F 1-2: Ball 2-2: Foul Ball, location: 2F 2-2: Strikes out looking
|
Batting: RHB Tommy Davenport
|
0-0: Called Strike 0-1: Called Strike 0-2: Ball 1-2: Ball 2-2: Foul Ball, location: 2F 2-2: Strikes out swinging
|
Batting: LHB Gustavo Gómez
|
0-0: Swinging Strike 0-1: Ball 1-1: Called Strike 1-2: Ball 2-2: Strikes out swinging
|
Top of the 9th over - 0 run(s), 0 hit(s), 0 error(s), 0 left on base; Kingston 0 - Minnesota 14 |
|